 Seeded DCSS version 0.30-a0-715-gdb4ae3ece1 (webtiles) character file.

Game seed: 5430720872467839093 (custom seed)

119 OTABOTABOTAB the Skirmisher (level 5, 43/43 HPs)
             Began as a Gnoll Hunter on Jan 24, 2023.
             Quit the game on level 2 of the Dungeon.
             The game lasted 00:01:23 (947 turns).

OTABOTABOTAB the Skirmisher (Gnoll Hunter)           Turns: 947, Time: 00:01:24

Health: 43/43      AC:  3    Str: 10    XL:     5   Next: 3%
Magic:  7/7        EV: 13    Int:  9    God:
Gold:   33         SH:  0    Dex: 17    Spells: 6/6 levels left

rFire   . . .      SeeInvis .    a - +0 shortbow
rCold   . . .      Faith    .    (shield currently unavailable)
rNeg    . . .      Spirit   .    c - +0 leather armour
rPois   .          Reflect  .    (no helmet)
rElec   .          Harm     .    (no cloak)
rCorr   .          Rampage  .    (no gloves)
Will    .....                    (no boots)
Stlth   ++                       (no amulet)
HPRegen 0.27/turn                (no ring)
MPRegen 0.10/turn                (no ring)

@: no status effects
A: fangs 1, strong nose, distributed training
a: no special abilities


You were on level 2 of the Dungeon.
You visited 1 branch of the dungeon, and saw 2 of its levels.

You collected 33 gold pieces.

Inventory:

Hand Weapons
 a - a +0 shortbow (weapon)
Missiles
 s - 17 stones
Armour
 c - a +0 leather armour (worn)
 i - the +6 crystal plate armour of Light {rElec Will- Str+5 SInv}
   (You acquired it on level 2 of the Dungeon)

   Str:       It affects your strength (+5).
   rElec:     It insulates you from electricity.
   SInv:      It lets you see invisible.
   Will:      It decreases your willpower.
 j - the +1 cloak "Olavelaf" {rElec}
   (You acquired it on level 2 of the Dungeon)

   rElec:     It insulates you from electricity.
 k - a +1 hat
   (You acquired it on level 2 of the Dungeon)
Jewellery
 C - a ring of protection from cold {rC+, !d}
   (You found it on level 2 of the Dungeon)
Scrolls
 b - a scroll of brand weapon {unknown}
 e - a scroll of amnesia {unknown}
 f - a scroll of fog {unknown}
 g - a scroll of enchant armour {unknown}
 K - 2 scrolls of immolation {!r}
Potions
 d - a potion of mutation {unknown}


   Skills:
 + Level 4.7 Fighting
 + Level 1.4 Short Blades
 + Level 1.4 Long Blades
 + Level 1.4 Axes
 + Level 1.4 Maces & Flails
 + Level 1.4 Polearms
 + Level 1.4 Staves
 + Level 8.6 Ranged Weapons
 + Level 1.4 Throwing
 + Level 1.4 Armour
 + Level 4.7 Dodging
 + Level 2.7 Stealth
 + Level 1.4 Shields
 + Level 1.4 Unarmed Combat
 + Level 1.4 Spellcasting
 + Level 1.1 Conjurations
 + Level 1.1 Hexes
 + Level 1.1 Summonings
 + Level 1.1 Necromancy
 + Level 1.1 Translocations
 + Level 1.1 Transmutations
 + Level 1.1 Fire Magic
 + Level 1.1 Ice Magic
 + Level 1.1 Air Magic
 + Level 1.1 Earth Magic
 + Level 1.1 Poison Magic
 + Level 1.5 Invocations
 + Level 1.4 Evocations


You had 6 spell levels left.
You didn't know any spells.
Your spell library contained the following spells:

 Spells                   Type           Power      Damage    Failure   Level
 Sublimation of Blood     Necr           2%         N/A       41%         2
 Wereblood                Tmut           2%         N/A       41%         2
 Summon Hydra             Summ           1%         N/A       100%        7


Dungeon Overview and Level Annotations

Branches:
Dungeon (2/15)

Altars:

Shops:
D:2 ?


Innate Abilities, Weirdness & Mutations

You have very sharp teeth.
Your uncanny sense of smell can sniff out nearby items.
Your experience applies equally to all skills.


Message History

Items here: ))) †††.
A kobold comes into view. It is wielding a +0 short sword.
Health restored: 38; MP restored: 6 A kobold is nearby!
The kobold shouts!
You hear a shout!
A hobgoblin comes into view.
You shoot an arrow. The arrow hits the hobgoblin.
You shoot an arrow. The arrow hits the hobgoblin.
You shoot an arrow.
The arrow hits the kobold but does no damage.
You shoot an arrow. The arrow hits the kobold!
You kill the kobold!
You have reached level 5!
Health restored: 43; MP restored: 7 You shoot an arrow.
The arrow barely misses the hobgoblin.
The hobgoblin hits you.
You take 4 damage, and have 39/43 hp.
You shoot an arrow. The arrow barely misses the hobgoblin.
The hobgoblin hits you.
You take 1 damage, and have 38/43 hp.
You shoot an arrow. The arrow hits the hobgoblin!
You kill the hobgoblin!
No target in view!
No target in view!
A bat comes into view.
You regained 2 hp, and now have 41/43 hp.
You shoot an arrow. The arrow completely misses the bat.
You shoot an arrow. The arrow hits the bat.
You kill the bat!
No target in view!
No target in view!
s - 8 stones (gained 4)
Things that are here:
a +0 short sword; a kobold corpse
Found a stone staircase leading down.
Health restored: 43 No target in view!
No target in view!
No target in view!
No target in view!
You now have 33 gold pieces (gained 15).
s - 10 stones (gained 2)
h - 3 scrolls labelled ICHANW HIUVOTE No target in view!
No target in view!
No target in view!
There is a stone staircase leading up here.
K - 2 scrolls of immolation {!r} (gained 1)
Found a stone staircase leading down.
No target in view!
No target in view!
No target in view!
Found a stone staircase leading down.
No target in view!
No target in view!
No target in view!
There is a stone staircase leading down here.
There is a stone staircase leading down here.
s - 17 stones (gained 7)
There is a stone staircase leading down here.
Found a stone staircase leading up.
No target in view!
No target in view!
No target in view!
No target in view!
No target in view!
No target in view!
No target in view!
There is a stone staircase leading up here.
An endoplasm comes into view.
An endoplasm is nearby!
An endoplasm is nearby!
You shoot an arrow. The arrow hits the endoplasm!
You kill the endoplasm!
No target in view!
No target in view!
h - 4 scrolls labelled ICHANW HIUVOTE (gained 1) Done exploring.
No target in view!
No target in view!
Done exploring.
No target in view!
No target in view!
Done exploring.
No target in view!
Done exploring.
No target in view!
Done exploring.
No target in view!
Done exploring.
This is a scroll of acquirement!
Something appears at your feet!
i - the +6 crystal plate armour of Light {rElec Will- Str+5 SInv} Something appears at your feet!
j - the +1 cloak "Olavelaf" {rElec} Something appears at your feet!
k - a +1 hat You see here a book of Blood.
Something appears at your feet!
You pick up a book of Blood and begin reading...
You add the spells Sublimation of Blood, Wereblood and Summon Hydra to your library.

#####.######
...........#######
.................#
.####.####.#####.# .# #.#
#.......# #####.# #.####..#
......# #.# #..# ####### #.#
#..# #.# #.@# #.# #..#
####### #.# #..# #...... #.#
#..# #.##### #.# #..# #.#
#### #.# #..# #.#
...#######.## #..# #.#
.^..........###..##########.#
.#.#####.#.#.##.............#


There were no monsters in sight!

Vanquished Creatures
  A necrophage (D:2)
  3 gnolls (D:2)
  An adder (D:2)
  3 bats
  3 endoplasms
  2 goblins (D:2)
  A hobgoblin (D:2)
  4 jackals (D:1)
  4 kobolds
  A frilled lizard (D:2)
  A rat (D:1)
24 creatures vanquished.

Notes
Turn   | Place    | Note
-------+----------+-------------------------------------------
     0 | D:1      | OTABOTABOTAB the Gnoll Hunter began the quest for the Orb.
     0 | D:1      | Reached XP level 1. HP: 20/20 MP: 1/1
   138 | D:1      | Reached XP level 2. HP: 26/26 MP: 2/2
   193 | D:2      | Found Doddoiw's Magic Scroll Shoppe.
   289 | D:2      | Noticed a necrophage
   297 | D:2      | HP: 3/24 [necrophage (5)]
   298 | D:2      | Killed a necrophage
   299 | D:2      | Reached skill level 1 in Short Blades
   299 | D:2      | Reached skill level 1 in Long Blades
   299 | D:2      | Reached skill level 1 in Axes
   299 | D:2      | Reached skill level 1 in Maces & Flails
   299 | D:2      | Reached skill level 1 in Polearms
   299 | D:2      | Reached skill level 1 in Staves
   299 | D:2      | Reached skill level 1 in Throwing
   299 | D:2      | Reached skill level 1 in Armour
   299 | D:2      | Reached skill level 1 in Shields
   299 | D:2      | Reached skill level 1 in Unarmed Combat
   299 | D:2      | Reached skill level 1 in Spellcasting
   299 | D:2      | Reached skill level 1 in Invocations
   299 | D:2      | Reached skill level 1 in Evocations
   299 | D:2      | Reached XP level 3. HP: 2/31 MP: 2/4
   299 | D:2      | Reached XP level 4. HP: 3/38 MP: 2/5
   503 | D:2      | Reached skill level 1 in Conjurations
   503 | D:2      | Reached skill level 1 in Hexes
   503 | D:2      | Reached skill level 1 in Summonings
   503 | D:2      | Reached skill level 1 in Necromancy
   503 | D:2      | Reached skill level 1 in Translocations
   503 | D:2      | Reached skill level 1 in Transmutations
   503 | D:2      | Reached skill level 1 in Fire Magic
   503 | D:2      | Reached skill level 1 in Ice Magic
   503 | D:2      | Reached skill level 1 in Air Magic
   503 | D:2      | Reached skill level 1 in Earth Magic
   503 | D:2      | Reached skill level 1 in Poison Magic
   590 | D:2      | Reached XP level 5. HP: 43/43 MP: 7/7
   939 | D:2      | Identified 4 scrolls of acquirement
   939 | D:2      | Acquired the +6 crystal plate armour of Light {rElec Will-
                  | Str+5 SInv}
   941 | D:2      | Acquired the +1 cloak "Olavelaf" {rElec}
   943 | D:2      | Acquired a +1 hat
   945 | D:2      | Acquired a book of Blood
   947 | D:2      | Quit the game

Illustrated notes

Levels and vault maps discovered:
D:1:      dpeg_arrival_boxes_within_box, layout_basic
D:2:      layout_loops_ring, serial_shops, shop, nicolae_kite_square_tiling_tiny

Skill      XL: |  1  2  3  4 |
---------------+-------------+-----
Short Blades   | 1 |  1.4
Long Blades    | 1 |  1.4
Axes           | 1 |  1.4
Maces & Flails | 1 |  1.4
Polearms       | 1 |  1.4
Staves         | 1 |  1.4
Throwing       | 1 |  1.4
Armour         | 1 |  1.4
Shields        | 1 |  1.4
Unarmed Combat | 1 |  1.4
Spellcasting   | 1 |  1.4
Invocations    | 1 |  1.5
Evocations     | 1 |  1.4
Conjurations   | 1 |  1.1
Hexes          | 1 |  1.1
Summonings     | 1 |  1.1
Necromancy     | 1 |  1.1
Translocations | 1 |  1.1
Transmutations | 1 |  1.1
Fire Magic     | 1 |  1.1
Ice Magic      | 1 |  1.1
Air Magic      | 1 |  1.1
Earth Magic    | 1 |  1.1
Poison Magic   | 1 |  1.1
Fighting       | |  4.7
Ranged Weapons | |  8.6
Dodging        | |  4.7
Stealth        | |  2.7

Action                     |  1- 3 |  4- 6 || total
---------------------------+-------+-------++-------
   Fire: Shortbow          |    30 |    35 ||    65
    Use: Scroll            |       |     4 ||     4
 Armour: Leather armour    |       |     1 ||     1
  Dodge: Dodged            |     6 |     3 ||     9

Table legend: (Time is in decaauts)
 A = Elapsed time spent in this place.
 B = Non-inter-level travel time spent in this place.
 C = Inter-level travel time spent in this place.
 D = Time resting spent in this place.
 E = Time spent auto-exploring this place.
 F = Levels seen in this place.
 G = Mean time per level.
                   A        B        C        D        E       F      G
               +--------+--------+--------+--------+--------+-----+--------+
         Total |    954 |    954 |      0 |    133 |    700 |   2 |  477.0 |
       Dungeon |    954 |    954 |      0 |    133 |    700 |   2 |  477.0 |
               +--------+--------+--------+--------+--------+-----+--------+

Top non-repeatable levels by time:
     D:2: 773 daAuts
     D:1: 181 daAuts

Table legend:
 A = Kills in this place as a percentage of kills in entire the game.
 B = Kills by you in this place as a percentage of kills by you in the entire game.
 C = Kills by friends in this place as a percentage of kills by friends in the entire game.
 D = Other kills in this place as a percentage of other kills in the entire game.
 E = Experience gained in this place as a percentage of experience gained in the entire game.
 F = Experience gained in this place divided by the number of levels of this place that you have seen.
                   A       B       C       D       E      F
               +-------+-------+-------+-------+-------+----------------------
         Total | 100.0 | 100.0 |   N/A |   N/A | 100.0 |  85.0
       Dungeon | 100.0 | 100.0 |   N/A |   N/A | 100.0 |  85.0
               +-------+-------+-------+-------+-------+----------------------
